 Dungeon Crawl Stone Soup version 0.28-a0-969-g2dcde036d2 (webtiles) character file.

Game seed: 1814680547972248683

298 KyoPewz the Archer (level 6, -4/34 HPs)
             Began as a Deep Elf Arcane Marksman on Nov 30, 2021.
             Slain by a gnoll sergeant (14 damage)
             ... on level 3 of the Dungeon on Dec 1, 2021.
             The game lasted 00:33:15 (4498 turns).

KyoPewz the Archer (Deep Elf Arcane Marksman)       Turns: 4498, Time: 00:33:16

Health: -4/34      AC:  7    Str: 15    XL:     6   Next: 13%
Magic:  10/10      EV: 12    Int: 18    God:
Gold:   147        SH:  0    Dex: 21    Spells: 1/8 levels left

rFire   . . .      SeeInvis .   a - +0 shortbow {bow}
rCold   . . .      Faith    .   (shield currently unavailable)
rNeg    . . .      Spirit   .   n - +0 ring mail
rPois   .          Reflect  .   u - +0 helmet
rElec   .          Harm     .   (no cloak)
rCorr   .          Rampage  .   l - +0 pair of gloves
Will    .....                   (no boots)
Stlth   +.........              (no amulet)
HPRegen 0.11/turn               e - +6 ring of dexterity
MPRegen 0.12/turn               s - +6 ring of strength

@: no status effects
A: no striking features
a: no special abilities


You were on level 3 of the Dungeon.
You visited 1 branch of the dungeon, and saw 4 of its levels.

You collected 147 gold pieces.


   Skills:
 + Level 1.1 Fighting
 - Level 8.1 Bows
 * Level 3.1 Dodging
 - Level 1.5 Spellcasting
 - Level 4.0 Hexes


You had one spell level left.
You knew the following spells:

 Your Spells              Type           Power      Damage    Failure   Level
a - Slow                  Hex            60%        N/A       8%          1
b - Inner Flame           Hex/Fire       8%         N/A       45%         3
c - Portal Projectile     Hex/Tloc       16%        N/A       45%         3

Your spell library contained the following spells:

 Spells                   Type           Power      Damage    Failure   Level
 Tukima's Dance           Hex            15%        N/A       22%         3
 Ensorcelled Hibernation  Hex/Ice        16%        N/A       26%         2
 Cause Fear               Hex            7%         N/A       58%         4
 Call Canine Familiar     Summ           1%         N/A       75%         3
 Leda's Liquefaction      Hex/Erth       4%         N/A       86%         4
 Airstrike                Air            0%         N/A       98%         4
 Summon Lightning Spire   Summ/Air       1%         N/A       98%         4
 Lightning Bolt           Conj/Air       0%         1d11      100%        5

Inventory:

Hand Weapons
 a - a +0 shortbow (weapon) {bow}
 b - a +0 dagger {short}
   (You took it off a kobold on level 1 of the Dungeon)
 g - a +2 dagger of draining {short}
   (You took it off a kobold on level 4 of the Dungeon)
 y - a +4 spear {polearm}
   (You took it off a wight on level 4 of the Dungeon)
Missiles
 c - 31 arrows (quivered ammo)
Armour
 d - a +0 robe
 l - a +0 pair of gloves (worn)
   (You found it on level 1 of the Dungeon)
 m - a +0 leather armour
   (You found it on level 2 of the Dungeon)
 n - a +0 ring mail (worn)
   (You found it on level 2 of the Dungeon)
 u - a +0 helmet (worn)
   (You found it on level 3 of the Dungeon)
 w - a +0 chain mail
   (You found it on level 3 of the Dungeon)
Magical Staves
 i - a staff of conjuration {!a@e2staff}
   (You found it on level 1 of the Dungeon)
Jewellery
 e - a +6 ring of dexterity (left hand)
   (You found it on level 1 of the Dungeon)
 s - a +6 ring of strength (right hand)
   (You found it on level 3 of the Dungeon)
Wands
 h - a wand of digging (6)
   (You found it on level 4 of the Dungeon)
 v - a wand of charming (7)
   (You found it on level 3 of the Dungeon)
Scrolls
 j - a scroll of fog {unknown}
 o - a scroll of brand weapon {unknown}
 q - a scroll of enchant armour {unknown}
 r - a scroll of teleportation {unknown}
 x - a scroll of identify {@r1}
Potions
 f - 2 potions of heal wounds {@q2}
 k - a potion of invisibility
 p - a potion of might
 t - a potion of berserk rage {!q}

Dungeon Overview and Level Annotations

Branches:
Dungeon (4/15)
 Temple: D:4-7

Altars:

##.########...##.####.###.# #....
...# ##.###......# #.# ##### ####
#.# ##########.## # # #.#
#####...# # # ##'## #.......# # #
##...## #.###...# # ####
##.....## #.####### # ##.##
##.......## #.#.##
....####........@###....#########
.......+.........'...............
#...####......g..###........#####
#...# ##................##.#
#.#.# ##.....#.###.##..##.# ..#.#
##...##.# #.##..##.# .##.#
##'###.# #......#.# # ....# #.#
#.# ####...#.# # .###########.#
#.# #...#.# #


You could see a gnoll sergeant.


Message History

😎 HP[+1]
Your hp is fully restored (34).
Fire: 31 arrows
Press: ? - help, Q - select action, (/) - cycle Shift-Dir - straight line, f/p - gnoll
Aim: a gnoll, wielding a +0 whip (almost dead, 69% to hit)
You shoot an arrow. The arrow closely misses the gnoll.
The gnoll hits you but does no damage.
Fire: 30 arrows
Press: ? - help, Q - select action, (/) - cycle Shift-Dir - straight line, f/p - gnoll
Aim: a gnoll, wielding a +0 whip (almost dead, 69% to hit)
You shoot an arrow. The arrow hits the gnoll!
You kill the gnoll!
Fire: 29 arrows
Press: ? - help, Q - select action, (/) - cycle Shift-Dir - straight line, f - you
Okay, then.
c - 32 arrows (gained 3)
You see here a +0 whip {mace}.
c - 34 arrows (gained 2)
You see here a +0 whip {mace}.
There is a stone staircase leading down here.
You climb downwards.
The gnoll sergeant hits you but does no damage. x2
There is a stone staircase leading up, spattered with blood here.
Fire: 34 arrows
Press: ? - help, Q - select action, (/) - cycle Shift-Dir - straight line, f - gnoll sergeant
Aim: a gnoll sergeant, wielding a +0 trident and wearing a +0 scale mail (72% to hit)
You shoot an arrow.
The arrow hits the gnoll sergeant but does no damage.
The gnoll sergeant hits you with a +0 trident. 😕 HP[-4]
You take 4 damage, and now have 30/34 hp.
You can't go down here!
The gnoll sergeant hits you with a +0 trident.
You climb upwards.
There is a stone staircase leading down here. 😕 HP[-3]
You take 3 damage, and now have 27/34 hp.
Fire: 33 arrows
Press: ? - help, Q - select action, (/) - cycle Shift-Dir - straight line, f - gnoll sergeant
Aim: a gnoll sergeant, wielding a +0 trident and wearing a +0 scale mail (72% to hit)
You shoot an arrow. The arrow hits the gnoll sergeant!
The gnoll sergeant hits you with a +0 trident! 😮 HP[-7]
You take 7 damage, and now have 20/34 hp.
MASSIVE DAMAGE!! (PAUSE)
The gnoll sergeant hits you from afar with a +0 trident.
* * * LOW HITPOINT WARNING * * *
Things that are here:
a +0 club {mace}; a gnoll corpse; 😨 HP[-4]
You take 4 damage, and now have 16/34 hp.
Unknown command. 😨 HP[+1] 😮 HP[+1]
There is an open door here.
Fire: 32 arrows
Press: ? - help, Q - select action, (/) - cycle Shift-Dir - straight line, f/p - gnoll sergeant
Aim: a gnoll sergeant, wielding a +0 trident and wearing a +0 scale mail (moderately wounded, 72% to hit)
You shoot an arrow.
The arrow barely misses the gnoll sergeant.
The gnoll sergeant hits you from afar with a +0 trident.
* * * LOW HITPOINT WARNING * * *
😨 HP[-3]
You take 3 damage, and now have 15/34 hp.
Okay, then.
Fire: 31 arrows
Press: ? - help, Shift-Dir - straight line, f/p - gnoll sergeant
Aim: a gnoll sergeant, wielding a +0 trident and wearing a +0 scale mail (moderately wounded, 72% to hit)
Aiming: Charm
Press: ? - help, Shift-Dir - straight line, f/p - gnoll sergeant
Aim: a gnoll sergeant, wielding a +0 trident and wearing a +0 scale mail (moderately wounded, chance to affect: 46%)
Okay, then.
Aiming: Charm
Press: ? - help, Shift-Dir - straight line, f/p - gnoll sergeant
Aim: a gnoll sergeant, wielding a +0 trident and wearing a +0 scale mail (moderately wounded, chance to affect: 46%)
The gnoll sergeant is charmed. 😨 HP[+1]
You start resting.
You start resting.
The gnoll sergeant is no longer charmed.
The gnoll sergeant completely misses you.
A gnoll sergeant is nearby! 😮 HP[+3]
You regained 3 hp, and now have 19/34 hp.
The gnoll sergeant hits you from afar with a +0 trident.
* * * LOW HITPOINT WARNING * * *
😨 HP[-6]
You take 6 damage, and now have 13/34 hp.
Unknown command.
Okay, then.
Okay, then.
Press: ? - help, v - describe, . - travel The floor.
Unknown command. 😨 HP[+1]
The gnoll sergeant hits you from afar with a +0 trident.
* * * LOW HITPOINT WARNING * * *
😨 HP[-4]
You take 4 damage, and now have 10/34 hp.
The gnoll sergeant hits you from afar with a +0 trident!
You die...

Skill      XL: |  1  2  3  4  5  6 |
---------------+-------------------+-----
Bows           | 3 4 5 7 8 |  8.1
Fighting       | 1 |  1.1
Dodging        | 3 |  3.1
Spellcasting   | |  1.5
Hexes          | |  4.0

Action                   |  1- 3 |  4- 6 || total
-------------------------+-------+-------++-------
 Fire: Shortbow          |   112 |   129 ||   241
 Cast: Slow              |       |     1 ||     1
Evoke: Wand              |       |     1 ||     1
  Use: Scroll            |       |     4 ||     4
Armor: Ring mail         |     9 |    28 ||    37
Dodge: Dodged            |    24 |    55 ||    79

Levels and vault maps discovered:
D:1:      dpeg_arrival_simpleton_b, layout_loops_corners,
          minmay_splitting_lines, wander_ebering_terrifying_dragon_lair
D:2:      layout_loops_cross, nicolae_ecumenical_pavilion
D:3:      layout_loops_corners, feat_on_display
D:4:      layout_rooms

Notes
Turn   | Place    | Note
-------+----------+-------------------------------------------
     0 | D:1      | KyoPewz the Deep Elf Arcane Marksman began the quest for
                  | the Orb.
     0 | D:1      | Reached XP level 1. HP: 11/11 MP: 5/5
     0 | D:1      | magus.rc [v1.9.6]
     1 | D:1      | magus.rc [v1.9.6]
    71 | D:1      | Reached skill level 3 in Bows
   100 | D:1      | Reached XP level 2. HP: 16/16 MP: 6/6
   148 | D:1      | Reached skill level 4 in Bows
   404 | D:1      | You pick up a book of Storms and begin reading...
   404 | D:1      | You add the spells Airstrike, Summon Lightning Spire and
                  | Lightning Bolt to your library.
  1128 | D:2      | Found a faded altar of an unknown god.
  1222 | D:2      | You pick up a book of Maledictions and begin reading...
  1222 | D:2      | You add the spells Ensorcelled Hibernation and Tukima's
                  | Dance to your library.
  1294 | D:2      | Reached XP level 3. HP: 19/20 MP: 7/7
  1543 | D:2      | Reached skill level 5 in Bows
  1912 | D:3      | You pick up a book of the Hunter and begin reading...
  1912 | D:3      | You add the spells Call Canine Familiar and Leda's
                  | Liquefaction to your library.
  2116 | D:3      | Reached XP level 4. HP: 24/24 MP: 8/8
  2461 | D:3      | Reached skill level 6 in Bows
  2779 | D:3      | Learned a level 3 spell: Inner Flame
  3275 | D:4      | Reached skill level 7 in Bows
  3275 | D:4      | Reached XP level 5. HP: 28/28 MP: 9/9
  3290 | D:4      | Learned a level 3 spell: Portal Projectile
  3831 | D:4      | Reached skill level 8 in Bows
  4058 | D:4      | Reached skill level 1 in Fighting
  4058 | D:4      | Reached XP level 6. HP: 10/34 MP: 10/10
  4296 | D:3      | Reached skill level 3 in Dodging
  4498 | D:3      | Slain by a gnoll sergeant

Vanquished Creatures
  3 wights (D:4)
  A hound (D:4)
  3 gnolls (D:3)
  4 adders
  A howler monkey skeleton (D:4)
  2 worms (D:3)
  2 dart slugs
  An orc (D:4)
  6 endoplasms
  5 giant cockroaches
  A goblin (D:1)
  A hobgoblin (D:2)
  6 jackals
  2 quokkas
  7 ball pythons
  2 bats (D:1)
  7 frilled lizards
  7 kobolds
  7 rats
68 creatures vanquished.

Table legend:
 A = Non-vault XP
 B = Vault XP
 C = Vault XP percentage of total XP
 D = Non-vault monster count
 E = Vault monster count
 F = Vault count percentage of total count
                 A         B        C        D         E       F
            +---------+---------+-------+---------+---------+-------
      Total |     425 |       1 |   0.2 |      67 |       1 |   1.5
            +---------+---------+-------+---------+---------+-------
        D:1 |      33 |       1 |   2.9 |      20 |       1 |   4.8
        D:2 |      31 |       0 |   0.0 |      13 |       0 |   0.0
        D:3 |     103 |       0 |   0.0 |      21 |       0 |   0.0
        D:4 |     258 |       0 |   0.0 |      13 |       0 |   0.0
            +---------+---------+-------+---------+---------+-------

Illustrated notes

Table legend:
 A = Kills in this place as a percentage of kills in entire the game.
 B = Kills by you in this place as a percentage of kills by you in the entire game.
 C = Kills by friends in this place as a percentage of kills by friends in the entire game.
 D = Other kills in this place as a percentage of other kills in the entire game.
 E = Experience gained in this place as a percentage of experience gained in the entire game.
 F = Experience gained in this place divided by the number of levels of this place that you have seen.
                   A       B       C       D       E      F
               +-------+-------+-------+-------+-------+----------------------
         Total | 100.0 | 100.0 |   N/A |   N/A | 100.0 | 106.5
       Dungeon | 100.0 | 100.0 |   N/A |   N/A | 100.0 | 106.5
               +-------+-------+-------+-------+-------+----------------------

Table legend: (Time is in decaauts)
 A = Elapsed time spent in this place.
 B = Non-inter-level travel time spent in this place.
 C = Inter-level travel time spent in this place.
 D = Time resting spent in this place.
 E = Time spent auto-exploring this place.
 F = Levels seen in this place.
 G = Mean time per level.
                   A        B        C        D        E       F      G
               +--------+--------+--------+--------+--------+-----+--------+
         Total |   4503 |   4322 |    181 |   1314 |   1756 |   4 | 1125.8 |
       Dungeon |   4503 |   4322 |    181 |   1314 |   1756 |   4 | 1125.8 |
               +--------+--------+--------+--------+--------+-----+--------+

Top non-repeatable levels by time:
     D:3: 1872 daAuts
     D:1: 1132 daAuts
     D:4: 775 daAuts
     D:2: 722 daAuts
